 Dungeon Crawl Stone Soup version 0.23-a0-650-ga4d50d4 (webtiles) character file.

44 Borgoz the Cutter (level 3, 0/24 HPs)
             Began as a Kobold Berserker on Jan 2, 2019.
             Was a Believer of Trog.
             Slain by a ball python (1 damage)
             ... on level 2 of the Dungeon.
             The game lasted 00:02:18 (943 turns).

Borgoz the Cutter (Kobold Berserker)                 Turns: 943, Time: 00:02:19

Health: 0/24       AC:  2    Str: 14    XL:     3   Next: 87%
Magic:  3/3        EV: 12    Int:  8    God:    Trog [**....]
Gold:   82         SH:  0    Dex: 15    Spells: 2/2 levels left

rFire    . . .     SeeInvis .   a - +0 short sword
rCold    + . .     Gourm    .   (shield restricted)
rNeg     . . .     Faith    .   b - +0 animal skin
rPois    .         Spirit   .   (no helmet)
rElec    .         Reflect  .   (no cloak)
rCorr    .         Harm     .   (no gloves)
MR       .....                  (no boots)
Stlth    +.........             f - amulet of magic regeneration
HPRegen  0.08/turn              j - ring of protection from cold
MPRegen  0.33/turn              (no ring)

@: constricted
A: small, carnivore
a: Berserk, Trog's Hand, Renounce Religion


You were on level 2 of the Dungeon.
You worshipped Trog.
Trog was pleased with you.
You were not hungry.

You visited 1 branch of the dungeon, and saw 2 of its levels.

You collected 82 gold pieces.

Inventory:

Hand Weapons
 a - a +0 short sword (weapon)
Armour
 b - a +0 animal skin (worn)
Jewellery
 f - an amulet of magic regeneration (around neck)
 j - a ring of protection from cold (left hand)
 l - an uncursed amulet of regeneration {unknown}
Scrolls
 d - 2 scrolls of identify {unknown}
 e - a scroll of teleportation {unknown}
 g - 2 scrolls of amnesia {unknown}
Potions
 h - a potion of degeneration {unknown}
 i - a potion of cancellation {unknown}
 k - a potion of flight {unknown}
Comestibles
 c - 2 rations


   Skills:
 + Level 4.0 Fighting
 + Level 5.0 Short Blades
 + Level 1.7 Armour
 + Level 2.7 Dodging
 + Level 0.2 Stealth


You had 2 spell levels left.
You didn't know any spells.
Your spell library was empty.

Dungeon Overview and Level Annotations

Branches:
Dungeon (2/15)

Altars:


Innate Abilities, Weirdness & Mutations

You are small and have problems with some larger weapons.
You are carnivorous and can eat meat at any time.


Message History

You are too injured to fight recklessly!
You are too injured to fight recklessly!
There are monsters nearby!
A frilled lizard comes into view. x2
Found 17 stones.
The frilled lizard hisses angrily.
A giant cockroach comes into view.
The hobgoblin hits you.
* * * LOW HITPOINT WARNING * * *
The ball python barely misses you. The ball python grabs you.
The ball python constricts you.
Found a ration.
You hit the hobgoblin but do no damage. The hobgoblin hits you.
* * * LOW HITPOINT WARNING * * *
The ball python barely misses you.
* * * LOW HITPOINT WARNING * * *
The ball python constricts you.
Okay, then.
You closely miss the ball python. The ball python misses you.
You die...

...# ...# ..% ...#
#.#.# .. ...#
##.#.( ... ..##
#..#.####... ..#
#..#s....... ..#
###...l....... ..#
#....lgS......
#.#####
#.....@.......
#>....#
#......#######
#####.# #......#
#####.# #......#
...##.#####......#
.................#
##...............#
.................#
##...............#


You could see a giant cockroach, a hobgoblin, a ball python and 2 frilled
lizards.

Vanquished Creatures
  An ooze (D:2)
  3 dart slugs
  2 leopard geckos
  A giant cockroach (D:1)
  3 goblins (D:1)
  6 hobgoblins
  3 jackals (D:2)
  A ball python (D:2)
  2 bats (D:2)
  2 frilled lizards (D:1)
  4 kobolds (D:1)
  2 rats
30 creatures vanquished.

Notes
Turn   | Place    | Note
-------+----------+-------------------------------------------
     0 | D:1      | Borgoz the Kobold Berserker began the quest for the Orb.
     0 | D:1      | Reached XP level 1. HP: 14/14 MP: 1/1
    70 | D:1      | Reached XP level 2. HP: 18/19 MP: 2/2
   519 | D:1      | Reached XP level 3. HP: 23/24 MP: 3/3
   855 | D:2      | Reached ** piety under Trog
   923 | D:2      | Reached skill level 5 in Short Blades
   942 | D:2      | HP: 1/24 [ball python (1)]
   943 | D:2      | Slain by a ball python

Vault maps used:
D:1:      nicolae_arrival_memento_mori, hangedman_decor_diamond_cutter,
          minmay_bisected
D:2:      overflow_temple_1_default, minmay_tetromino_i4

Skill      XL: |  1  2  3 |
---------------+----------+-----
Fighting       | 4 |  4.0
Short Blades   | 5 |  5.0
Armour         | |  1.7
Dodging        | |  2.7
Stealth        | |  0.2

Action                   || total
-------------------------++-------
Melee: Short sword       ||    91
 Stab: Sleeping          ||     2
Armor: Animal skin       ||    11
Dodge: Dodged            ||    65

Table legend:
 A = Non-vault XP
 B = Vault XP
 C = Vault XP percentage of total XP
 D = Non-vault monster count
 E = Vault monster count
 F = Vault count percentage of total count
                 A         B        C        D         E       F
            +---------+---------+-------+---------+---------+-------
      Total |      56 |       8 |  12.5 |      26 |       4 |  13.3
            +---------+---------+-------+---------+---------+-------
        D:1 |      25 |       8 |  24.2 |      13 |       4 |  23.5
        D:2 |      31 |       0 |   0.0 |      13 |       0 |   0.0
            +---------+---------+-------+---------+---------+-------
